 Dungeon Crawl Stone Soup version 0.27-a0-1184-ge86db4a01e (webtiles) character file.

Game seed: 13320282020550813295

161 Zdeegee the Gusty (level 5, -2/40 HPs)
             Began as a Draconian Air Elementalist on May 18, 2021.
             Killed from afar by an orc wizard (4 damage)
             ... with a magic dart
             ... on level 4 of the Dungeon.
             The game lasted 00:10:38 (4044 turns).

Zdeegee the Gusty (Draconian Air Elementalist)      Turns: 4044, Time: 00:10:39

Health: -2/40      AC:  5    Str: 11    XL:     5   Next: 19%
Magic:  6/9        EV: 12    Int: 16    God:
Gold:   216        SH:  0    Dex: 11    Spells: 3/9 levels left

rFire    . . .     SeeInvis .   i - +0 flail (drain)
rCold    . . .     Faith    .   (no shield)
rNeg     . . .     Spirit   .   (armour unavailable)
rPois    .         Reflect  .   (helmet restricted)
rElec    .         Harm     .   (no cloak)
rCorr    .         Rampage  .   (no gloves)
Will     .....                  (no boots)
Stlth    +.........             (no amulet)
HPRegen  0.13/turn              (no ring)
MPRegen  0.11/turn              (no ring)

@: confused, hasted, very quick
A: AC +5, unfitting armour, cold-blooded
a: no special abilities


You were on level 4 of the Dungeon.
You visited 1 branch of the dungeon, and saw 4 of its levels.

You collected 216 gold pieces.

Inventory:

Hand Weapons
 b - a +0 dagger
 e - a +0 short sword of speed
 i - a +0 flail of draining (weapon)
Missiles
 a - 37 sling bullets
Jewellery
 h - an amulet of faith
Wands
 j - a wand of digging (6)
Scrolls
 c - a scroll of identify
Potions
 f - a potion of mutation
 g - a potion of flight {unknown}


   Skills:
 * Level 1.3 Fighting
 + Level 0.9 Short Blades
 * Level 2.2 Dodging
 + Level 2.3 Stealth
 + Level 1.0 Unarmed Combat
 * Level 2.7 Spellcasting
 * Level 1.9 Conjurations
 * Level 1.3 Ice Magic
 * Level 3.6 Air Magic


You had 3 spell levels left.
You knew the following spells:

 Your Spells              Type           Power      Damage    Failure   Level
a - Shock                 Conj/Air       44%        1d5       6%          1
b - Static Discharge      Conj/Air       11%        N/A       10%         2
c - Swiftness             Air            13%        N/A       13%         3

Your spell library contained the following spells:

 Spells                   Type           Power      Damage    Failure   Level
 Summon Small Mammal      Summ           8%         N/A       19%         1
 Call Imp                 Summ           2%         N/A       28%         2
 Call Canine Familiar     Summ           2%         N/A       50%         3
 Summon Guardian Golem    Hex/Summ       2%         N/A       50%         3
 Airstrike                Air            6%         N/A       41%         4
 Summon Lightning Spire   Summ/Air       7%         N/A       67%         4
 Summon Ice Beast         Ice/Summ       4%         N/A       82%         4
 Lightning Bolt           Conj/Air       5%         1d17      86%         5


Dungeon Overview and Level Annotations

Branches:
Dungeon (4/15)
 Temple: D:4-7

Altars:
Gozag
Kikubaaqudgha
Makhleb
Okawaru
Ru
Trog
Xom
The Shining One


Innate Abilities, Weirdness & Mutations

Your plain brown scales are hard. (AC +5)
You cannot fit into any form of body armour.
You are cold-blooded and may be slowed by cold attacks.


Message History

You are too injured to fight recklessly!
Casting: Shock (safe; 6% risk of failure)
Confirm with . or Enter, or press ? or * to list all spells.
The orc wizard is struck by an arc of lightning.
The orc wizard is almost dead.
The lightning grounds out.
The orc wizard casts a spell at you.
You are confused.
You're too confused to cast spells.
You bump into the rock wall.
The orc wizard hits you but does no damage.
You're too confused to cast spells.
You bump into the rock wall.
The orc wizard hits you but does no damage.
Unknown command.
You're too confused to cast spells.
The orc wizard points at you and mumbles some strange words.
The puff of flame hits you!
* * * LOW HITPOINT WARNING * * *
You see here a hound corpse.
Unknown command.
You are too injured to fight recklessly!
The orc wizard hits you but does no damage.
The orc wizard hits you with a +0 dagger.
* * * LOW HITPOINT WARNING * * *
The orc wizard points at you and mumbles some strange words.
You are more confused.
You closely miss the orc wizard.
The orc wizard is almost dead.
The orc wizard hits you with a +0 dagger.
* * * LOW HITPOINT WARNING * * *
You bump into the rock wall.
The orc wizard misses you.
You bump into the rock wall.
The orc wizard gestures at you while chanting.
The magic dart hits you!
* * * LOW HITPOINT WARNING * * *
It was a potion of haste.
You feel yourself speed up. The orc wizard casts a spell at you.
The magic dart hits you.
You die...

.....###..####
....<# ##....#
.. .....#
####.## ...
####.# #.>##
##.. #..# ##..#
#... ##...
##.##..#
##..#####..#.##
#.......†...#
#.######.@#...#
# #o.# #...
#...# #. #.#.#
#.#.# .....
#).....
..###..## ..
#....


You could see an orc wizard.

Vanquished Creatures
  A hound (D:4)
  6 adders
  2 worms (D:3)
  A dart slug (D:2)
  5 orcs
  5 ball pythons
  5 endoplasms
  3 giant cockroaches
  A hobgoblin (D:2)
  4 jackals (D:2)
  3 quokkas (D:3)
  4 bats
  6 frilled lizards
  8 goblins
  6 kobolds
  7 rats
67 creatures vanquished.

Notes
Turn   | Place    | Note
-------+----------+-------------------------------------------
     0 | D:1      | Zdeegee the Draconian Air Elementalist began the quest for
                  | the Orb.
     0 | D:1      | Reached XP level 1. HP: 14/14 MP: 3/3
   742 | D:1      | Reached XP level 2. HP: 22/22 MP: 3/5
   745 | D:1      | Learned a level 2 spell: Static Discharge
  1009 | D:1      | Found a faded altar of an unknown god.
  1683 | D:2      | Reached XP level 3. HP: 27/27 MP: 3/6
  1687 | D:2      | Learned a level 3 spell: Swiftness
  2213 | D:2      | Reached skill level 1 in Unarmed Combat
  2354 | D:3      | You fall into a shaft and drop 1 floor!
  2542 | D:3      | Reached XP level 4. HP: 34/34 MP: 7/7
  2591 | D:3      | Reached skill level 1 in Fighting
  2644 | D:3      | Found a burning altar of Makhleb.
  2760 | D:3      | Found an iron altar of Okawaru.
  2763 | D:3      | Found a shimmering altar of Xom.
  2772 | D:3      | Found a sacrificial altar of Ru.
  2772 | D:3      | Found a glowing golden altar of the Shining One.
  2772 | D:3      | Found a bloodstained altar of Trog.
  2773 | D:3      | Found an ancient bone altar of Kikubaaqudgha.
  2775 | D:3      | Found an opulent altar of Gozag.
  2844 | D:3      | Reached skill level 1 in Ice Magic
  3860 | D:4      | Reached XP level 5. HP: 37/40 MP: 1/9
  4043 | D:4      | HP: 1/40 [orc wizard/magic dart (8)]
  4044 | D:4      | Killed from afar by an orc wizard

Illustrated notes

Levels and vault maps discovered:
D:1:      dpeg_arrival_round_b, layout_basic,
          shapermc_ecumenical_altar_mp_urbaneastern
D:2:      layout_basic, minivault_14, kennysheep_nub, roderic_serpentine_path
D:3:      layout_rooms, minitemple, bloody_makhleb, lightli_sewer_entry_pipes,
          st_stairs_7
D:4:      layout_rooms, serial_shops, shop

Skill      XL: |  1  2  3  4 |
---------------+-------------+-----
Stealth        | 2 |  2.3
Dodging        | 2 |  2.2
Unarmed Combat | 1 |  1.0
Fighting       | 1 |  1.3
Ice Magic      | 1 |  1.3
Short Blades   | |  0.9
Spellcasting   | |  2.7
Conjurations   | |  1.9
Air Magic      | |  3.6

Action                   |  1- 3 |  4- 6 || total
-------------------------+-------+-------++-------
Melee: Unarmed           |    26 |       ||    26
       Tailslap          |     5 |     2 ||     7
       Dagger            |     5 |       ||     5
       Short sword       |    32 |    75 ||   107
       Punch             |       |     1 ||     1
       Flail             |       |     8 ||     8
 Cast: Shock             |    75 |    45 ||   120
       Static Discharge  |       |     5 ||     5
  Use: Scroll            |     2 |       ||     2
       Potion            |       |     1 ||     1
 Stab: Sleeping          |     4 |       ||     4
Armor: Skin              |    22 |    22 ||    44
Dodge: Dodged            |    36 |    40 ||    76

Table legend: (Time is in decaauts)
 A = Elapsed time spent in this place.
 B = Non-inter-level travel time spent in this place.
 C = Inter-level travel time spent in this place.
 D = Time resting spent in this place.
 E = Time spent auto-exploring this place.
 F = Levels seen in this place.
 G = Mean time per level.
                   A        B        C        D        E       F      G
               +--------+--------+--------+--------+--------+-----+--------+
         Total |   4055 |   3851 |    204 |     64 |   2993 |   4 | 1013.8 |
       Dungeon |   4055 |   3851 |    204 |     64 |   2993 |   4 | 1013.8 |
               +--------+--------+--------+--------+--------+-----+--------+

Top non-repeatable levels by time:
     D:3: 1565 daAuts
     D:1: 1287 daAuts
     D:2: 1000 daAuts
     D:4: 202 daAuts
